AoeStats
← Zuckervisch

Arabia

508078442Analyzed
3v3 RM · 11d ago on Sep 20, 2026· 37m 29s· 6 players
Game mode
Random Map
Map size
Normal (6 player)
Population
200
Speed
Normal
Resources
Standard
Victory
Conquest
Starting age
Dark Age
Ending age
Imperial Age
RankedLock teamsTeams togetherTeam positionsShared explorationLock speedFull tech treeHidden civsTurbo modeCheats
Victory
Defeat
🇵🇱 Vietnamese · Poland
1355
+11
🇵🇱 Ethiopians · Poland
1349
+12
🇵🇱 Persians · Poland
1251
+16
🇫🇷 Berbers · France
1276
-14
🇫🇷 Koreans · France
1240
-13
🇫🇷 Ethiopians · France
1230
-12
Squall
6:43 Loom
8:58 Feudal Age
10:03 Double-Bit Axe
17:26 Scale Barding Armor
18:21 Bloodlines
19:42 Wheelbarrow
25:40 Castle Age
24:39 Gold Mining
26:26 Forging
25:55 Light Cavalry
26:56 Chain Barding Armor
27:06 Bow Saw
26:39 Horse Collar
30:33 Gold Shaft Mining
31:53 Forging
31:59 Husbandry
33:37 Iron Casting
34:38 Hand Cart
34:09 Town Watch
Arkanosis
6:51 Loom
9:11 Feudal Age
14:52 Fletching
20:23 Wheelbarrow
20:50 Double-Bit Axe
22:22 Horse Collar
23:34 Town Watch
34:29 Castle Age
33:28 Padded Archer Armor
33:23 Gold Mining
33:29 Stone Mining
34:44 Crossbowman
35:20 Bodkin Arrow
35:32 Thumb Ring
38:04 Ballistics
38:02 Leather Archer Armor
Apoillinaire
6:51 Loom
9:50 Feudal Age
10:33 Double-Bit Axe
11:31 Horse Collar
13:32 Fletching
25:30 Castle Age
25:38 Elite Skirmisher
28:01 Bodkin Arrow
29:13 Wheelbarrow
Janusz
5:24 Loom
8:35 Feudal Age
9:20 Double-Bit Axe
16:59 Forging
18:48 Scale Barding Armor
19:13 Horse Collar
20:59 Wheelbarrow
21:56 Bloodlines
25:11 Castle Age
25:47 Husbandry
26:25 Gold Mining
26:47 Bow Saw
28:09 Iron Casting
27:58 Chain Barding Armor
28:14 Iron Casting
28:04 Town Watch
30:06 Heavy Plow
36:44 Gold Shaft Mining
37:56 Hand Cart
more
6:30 Loom
9:21 Feudal Age
9:53 Double-Bit Axe
12:22 Fletching
17:07 Padded Archer Armor
18:58 Wheelbarrow
18:51 Horse Collar
23:15 Castle Age
21:33 Gold Mining
23:23 Crossbowman
23:58 Bodkin Arrow
25:00 Bow Saw
24:51 Heavy Plow
25:18 Leather Archer Armor
27:34 Ballistics
28:45 Hand Cart
28:17 Town Watch
29:16 Stone Mining
31:33 Stone Shaft Mining
32:17 Sanctity
36:11 Imperial Age
35:14 Thumb Ring
36:29 Arbalester
37:24 Bracer
38:28 Chemistry
38:53 Two-Man Saw
Zuckervisch
6:06 Loom
8:57 Feudal Age
10:38 Double-Bit Axe
13:14 Fletching
16:22 Padded Archer Armor
24:34 Castle Age
24:36 Crossbowman
25:39 Bodkin Arrow
30:54 Bow Saw
31:43 Wheelbarrow
31:37 Ballistics
32:23 Thumb Ring
34:43 Hand Cart
Connection lost

Rejoining the realm…

Still unreachable

The connection could not be restored.

Session expired

The server has moved on; the page needs a fresh start.